 Dungeon Crawl Stone Soup version 0.27.1-34-g3ba077fa99 (webtiles) character file.

Game seed: 7905032248393425805

1677 Delamore the Covert (level 9, -2/54 HPs)
             Began as an Octopode Brigand on Feb 1, 2022.
             Was a Follower of Dithmenos.
             Slain by a centaur (3 damage)
             ... on level 7 of the Dungeon.
             The game lasted 00:08:09 (7859 turns).

Delamore the Covert (Octopode Brigand)              Turns: 7859, Time: 00:08:10

Health: -2/54      AC:  1    Str: 16    XL:     9   Next: 1%
Magic:  9/9        EV: 19    Int: 14    God:    Dithmenos [*.....]
Gold:   292        SH:  0    Dex: 18    Spells: 8/8 levels left

rFire    . . .     SeeInvis .   a - +2 dagger
rCold    . . .     Faith    .   (no shield)
rNeg     . . .     Spirit   .   (helmet restricted)
rPois    .         Reflect  .   q - amulet of magic regeneration
rElec    .         Harm     .   i - +4 ring of evasion
rCorr    .         Rampage  .   p - +6 ring of strength
Will     +....                  (no ring)
Stlth    +++++++...             (no ring)
HPRegen  0.18/turn              (no ring)
MPRegen  0.36/turn              (no ring)
                                (no ring)
                                (no ring)

@: wreathed by umbra
A: almost no armour, amphibious, 8 rings, camouflage 1, gelatinous body 1,
(nimble swimmer 1), tentacles, agile 1, strong-willed 1, evolution 1
a: Renounce Religion


You were on level 7 of the Dungeon.
You worshipped Dithmenos.
Dithmenos was aware of your devotion.
You visited 2 branches of the dungeon, and saw 8 of its levels.

You collected 292 gold pieces.

Inventory:

Hand Weapons
 a - a +2 dagger (weapon)
 m - a +0 rapier
Missiles
 b - 40 poisoned darts (quivered)
 g - a throwing net
 j - 10 boomerangs
 k - 3 silver boomerangs
Jewellery
 i - a +4 ring of evasion (left tentacle)
 p - a +6 ring of strength (right tentacle)
 q - an amulet of magic regeneration (around mantle)
 v - a +6 ring of strength
Wands
 o - a wand of digging (5)
Scrolls
 c - a scroll of silence
 d - 2 scrolls of enchant weapon
 e - 2 scrolls of teleportation
 f - 2 scrolls of enchant armour
Potions
 h - a potion of mutation
 l - a potion of berserk rage {unknown}
 r - a potion of attraction {unknown}
 s - a potion of curing {unknown}
 t - a potion of cancellation {unknown}
 u - 2 potions of flight {unknown}


   Skills:
 - Level 2.0 Fighting
 + Level 8.3 Short Blades
 - Level 2.0 Throwing
 + Level 4.8 Dodging
 - Level 10.0 Stealth


You had 8 spell levels left.
You didn't know any spells.
Your spell library contained the following spells:

 Spells                   Type           Power      Damage    Failure   Level
 Sting                    Tmut/Pois      0%         1d3       28%         1
 Poisonous Vapours        Pois/Air       0%         N/A       41%         2
 Olgreb's Toxic Radiance  Pois           0%         N/A       96%         4


Dungeon Overview and Level Annotations

Branches:
Dungeon (7/15)             Temple (1/1) D:6

Altars:
Ashenzari
Cheibriados
Dithmenos
Elyvilon
Fedhas
Gozag
Hepliaklqana
Kikubaaqudgha
Makhleb
Nemelex Xobeh
Okawaru
Qazlal
Ru
Sif Muna
Trog
Uskayaw
Vehumet
Wu Jian
Xom
Zin


Innate Abilities, Weirdness & Mutations

You cannot wear most types of armour.
You are amphibious.
You can wear up to eight rings at the same time.
Your skin changes colour to match your surroundings (Stealth+).
Your rubbery body absorbs attacks. (AC +1, EV +1)
((You are camouflaged near water. (Stealth+)))
You have tentacles for arms and can constrict up to eight enemies at once.
You are agile. (Dex +2)
You are strong-willed. (Will+)
You evolve.


Message History

You hit the centaur but do no damage.
The centaur is moderately wounded.
The kobold brigand unwields a +0 hand crossbow.
The kobold brigand wields a +0 dagger.
The kobold brigand hits you with a +0 dagger.
* * * LOW HITPOINT WARNING * * *
The centaur closely misses you. The centaur misses you.
You completely miss the centaur.
The centaur is moderately wounded.
The centaur barely misses you. x2
You hit the centaur but do no damage.
The centaur is moderately wounded.
The kobold brigand hits you with a +0 dagger.
* * * LOW HITPOINT WARNING * * *
The centaur misses you. The centaur completely misses you.
You hit the centaur. You squeeze the centaur.
The centaur is heavily wounded.
Throw: dart (curare)
Press: ? - help, Q - select action, (/) - cycle Shift-Dir - straight line, f - centaur
Aim: a centaur, quivering arrows (heavily wounded, umbra, 73% to hit)
You throw a curare-tipped dart.
The curare-tipped dart barely misses the centaur.
The centaur completely misses you. The centaur closely misses you.
The kobold brigand completely misses you.
The centaur hits you.
* * * LOW HITPOINT WARNING * * *
The centaur kicks you.
* * * LOW HITPOINT WARNING * * *
Okay, then.
Okay, then.
You barely miss the centaur.
The centaur is heavily wounded.
The kobold brigand misses you. The centaur barely misses you.
The centaur closely misses you.
You hit the centaur.
The centaur is almost dead.
You barely miss the centaur.
The centaur is almost dead.
The centaur hits you.
You die...

#.. ... #.#
# #.# #. #.#
c### #.# ..#
#K# #.# #K#
######.###@#
#.......$c.#
.D####.#####
#.# #.# ..#
#.#
##..#####
#.#
#.......#
#.#
#.......#
#.#
#.......##


You could see a kobold brigand, a centaur and a kobold.

Vanquished Creatures
  A dream sheep (D:5)
  Sigmund (D:3)
  2 ice beasts (D:5)
  3 ogres
  Blork the orc (D:4)
  A bullfrog (D:6)
  A wyvern skeleton (D:5)
  An electric eel (D:6)
  3 howler monkeys (D:7)
  A centaur zombie (D:4)
  A jelly (D:6)
  3 hounds
  3 centaur skeletons
  An orc priest (D:4)
  2 iguanas (D:6)
  An orc wizard (D:5)
  A hound zombie (D:5)
  10 gnolls
  8 adders
  2 shadow imps
  A white imp (D:4)
  3 ufetubi
  An adder skeleton (D:4)
  3 worms
  2 dart slugs
  6 orcs
  5 ball pythons
  4 endoplasms
  3 giant cockroaches
  5 goblins
  8 hobgoblins
  7 jackals
  3 quokkas
  3 bats
  3 frilled lizards
  49 kobolds
  A quokka skeleton (D:4)
  4 rats
158 creatures vanquished.

Vanquished Creatures (others)
  4 dream sheep (D:5)
  2 plants (D:2)
6 creatures vanquished.

Grand Total: 164 creatures vanquished

Notes
Turn   | Place    | Note
-------+----------+-------------------------------------------
     0 | D:1      | Delamore the Octopode Brigand began the quest for the Orb.
     0 | D:1      | Reached XP level 1. HP: 14/14 MP: 1/1
   102 | D:1      | Reached XP level 2. HP: 19/19 MP: 2/2
   155 | D:1      | Reached skill level 6 in Stealth
   352 | D:1      | Found a faded altar of an unknown god.
   660 | D:2      | Reached XP level 3. HP: 8/24 MP: 3/3
  1378 | D:2      | Reached XP level 4. HP: 17/29 MP: 4/4
  1685 | D:3      | Reached skill level 7 in Stealth
  1780 | D:3      | Found a blossoming altar of Fedhas.
  2297 | D:3      | Reached XP level 5. HP: 34/34 MP: 5/5
  2303 | D:3      | Noticed Sigmund
  2313 | D:3      | Killed Sigmund
  2314 | D:3      | Reached skill level 8 in Stealth
  2314 | D:3      | Reached XP level 6. HP: 21/39 MP: 6/6
  2691 | D:4      | Reached skill level 9 in Stealth
  2904 | D:4      | Found a radiant altar of Vehumet.
  3235 | D:4      | Noticed Blork the orc
  3239 | D:4      | Killed Blork the orc
  3240 | D:4      | Reached skill level 10 in Stealth
  3240 | D:4      | Reached XP level 7. HP: 45/45 MP: 7/7
  3382 | D:4      | Found a stormy altar of Qazlal.
  3488 | D:4      | Reached skill level 5 in Short Blades
  3610 | D:4      | Found an ancient bone altar of Kikubaaqudgha.
  3732 | D:5      | Entered Level 5 of the Dungeon
  3808 | D:4      | HP: 2/45 [ufetubus (3)]
  3809 | D:4      | Gained mutation: You evolve. [potion of mutation]
  3809 | D:4      | Gained mutation: You are strong-willed. (Will+) [potion of
                  | mutation]
  4528 | D:5      | Reached XP level 8. HP: 45/50 MP: 8/8
  5335 | D:5      | Noticed a dream sheep
  5335 | D:5      | Noticed a dream sheep
  5335 | D:5      | Noticed a dream sheep
  5335 | D:5      | Noticed a dream sheep
  5335 | D:5      | Noticed a dream sheep
  5335 | D:5      | Found a shimmering altar of Xom.
  5337 | D:5      | Killed a dream sheep
  5338 | D:5      | Killed a dream sheep
  5339 | D:5      | Killed a dream sheep
  5339 | D:5      | Killed a dream sheep
  5340 | D:5      | Killed a dream sheep
  5564 | D:6      | Found a shimmering blue altar of Sif Muna.
  5628 | D:6      | Gained mutation: You are agile. (Dex +2) [evolution]
  5858 | D:6      | Found a broken altar of Ashenzari.
  6086 | D:6      | Found a staircase to the Ecumenical Temple.
  6122 | Temple   | Entered the Ecumenical Temple
  6509 | Temple   | Became a worshipper of Dithmenos the Shadowed
  6879 | D:6      | Reached * piety under Dithmenos
  7689 | D:6      | Found a burning altar of Makhleb.
  7691 | D:6      | Found a glowing silver altar of Zin.
  7691 | D:6      | Noticed an angel
  7692 | D:6      | Noticed a balrug
  7748 | D:6      | Found an ornate altar of the Wu Jian Council.
  7802 | D:7      | Reached XP level 9. HP: 54/54 MP: 9/9
  7814 | D:7      | Found an iron altar of Okawaru.
  7856 | D:7      | HP: 1/54 [centaur (2)]
  7859 | D:7      | Slain by a centaur

Illustrated notes

Levels and vault maps discovered:
D:1:      heliophobic_arrival_henge, layout_loops_ring,
          ebering_ecumenical_altar_rust
D:2:      layout_rooms, serial_bayou_pond_a
D:3:      layout_rooms, mainiacjoe_overflow_paths, uniq_sigmund
D:4:      layout_loops_corners, mainiacjoe_overflow_alcove_4,
          nicolae_qazlal_eye_of_the_storm, marbit_many_paths, uniq_blork_the_orc
D:5:      layout_gridville, kb_xom_exploding_sheep
D:6:      minmay_goblin_kobold_castle, layout_loops_corners,
          grunt_temple_overflow_order_and_chaos_2,
          mainiacjoe_overflow_big_doors, overflow_temple_1_default,
          minmay_temple_entry_statues_fountains
D:7:      lemuel_slime, layout_loops_ring, overflow_temple_1_default,
          uniq_menkaure
Temple:   compressed_dpeg_triangle_lava_temple

Skill      XL: |  1  2  3  4  5  6  7  8 |
---------------+-------------------------+-----
Stealth        | 6 7 8 10 | 10.0
Short Blades   | 3 4 6 8 |  8.3
Dodging        | 4 |  4.8
Fighting       | |  2.0
Throwing       | |  2.0

Action                   |  1- 3 |  4- 6 |  7- 9 || total
-------------------------+-------+-------+-------++-------
Melee: Dagger            |    60 |    48 |   302 ||   410
       Constrict         |    12 |    12 |    51 ||    75
       Tentacles         |    10 |     5 |    73 ||    88
Throw: Dart              |     1 |    15 |     3 ||    19
       Boomerang         |       |     3 |     3 ||     6
  Use: Scroll            |     2 |     1 |     5 ||     8
       Potion            |       |       |     3 ||     3
 Stab: Sleeping          |    18 |    10 |    12 ||    40
Armor: Skin              |     1 |       |    13 ||    14
Dodge: Dodged            |    26 |    25 |   233 ||   284
